 Dungeon Crawl Stone Soup version 0.17-a0-1748-g222fba8 (webtiles) character file.

18 Medar the Ruffian (level 2, -1/25 HPs)
             Began as a Naga Transmuter on Sept 1, 2015.
             Slain by Menkaure (19 damage)
             ... on level 4 of the Dungeon.
             The game lasted 00:05:04 (776 turns).

Medar the Ruffian (Naga Transmuter)                  Turns: 776, Time: 00:05:05

Health: -1/25      AC:  1    Str: 12    XL:     2   Next: 70%
Magic:  1/5        EV: 10    Int: 13    God:
Gold:   47         SH:  0    Dex: 11    Spells: 2 memorised, 2 levels left

rFire  . . .     SeeInvis +       - Unarmed
rCold  . . .     Clarity  .     b - +0 robe
rNeg   . . .     SustAt   .     (no shield)
rPois  +         Gourm    .     (no helmet)
rElec  .         Spirit   .     (no cloak)
rCorr  .         Warding  .     (no gloves)
rMut   .         Stasis   .     (no barding)
MR     .....                    (no amulet)
Stlth  +.........               (no ring)
                                h - ring of invisibility

@: very slow, not resistant to hostile enchantments, very unstealthy
A: see invisible, deformed body, poison resistance, slowness 2, slow metabolism
1, spit poison 2, AC +0
a: Spit Poison, Evoke Invisibility


You were on level 4 of the Dungeon.
You were not hungry.

You visited 1 branch of the dungeon, and saw 3 of its levels.

You collected 47 gold pieces.

Inventory:

Missiles
 a - 10 arrows
Armour
 b - a +0 robe (worn)
Jewellery
 h - a ring of invisibility (left hand)
Potions
 i - a potion of heal wounds
Books
 c - a book of Changes

   Spells                             Type                      Level
   a - Beastly Appendage              Transmutation                1
   b - Sticks to Snakes               Transmutation                2
   c - Spider Form                    Transmutation/Poison         3
   d - Ice Form                       Ice/Transmutation            4
   e - Blade Hands                    Transmutation                5
Comestibles
 d - a bread ration {@e1}
 f - a meat ration {@e2}
 j - a chunk of flesh


   Skills:
 - Level 1.0 Fighting
 - Level 1.5 Dodging
 + Level 3.9 Unarmed Combat
 - Level 2.0 Spellcasting
 - Level 2.0 Transmutations


You had 2 spell levels left.
You knew the following spells:

 Your Spells              Type           Power        Failure   Level  Hunger
d - Sticks to Snakes      Trmt           #.........   17%         2    ###....
s - Beastly Appendage     Trmt           #.....       12%         1    ##.....


Dungeon Overview and Level Annotations

Branches:
Dungeon (4/15)
 Temple: D:4-7

Altars:

Annotations:
D:4 Menkaure


Innate Abilities, Weirdness & Mutations

You cannot wear boots.
Your serpentine skin is tough (AC +0).
You have supernaturally acute eyesight.
Armour fits poorly on your strangely shaped body.
Your system is resistant to poisons.
You cover ground very slowly.
You have a slow metabolism.
You can spit poison.


Message History

Ouch! That really hurt!
Drink which item? (? for menu, Esc to quit)
It was a potion of curing.
You feel better.
Menkaure calls on the powers of darkness!
Your body is wracked with pain!
Okay, then.
Casting: Beastly Appendage
Confirm with . or Enter, or press ? or * to list all spells.
You create a snake!
Menkaure mumbles some strange words.
Menkaure seems to speed up.
Drink which item? (? for menu, Esc to quit)
You feel better. Menkaure barely misses you.
Your ball python closely misses Menkaure.
Your ball python grabs Menkaure.
Your ball python constricts Menkaure.
Casting: Sticks to Snakes
Confirm with . or Enter, or press ? or * to list all spells.
You create a snake!
Menkaure hits you!!
Ouch! That really hurt!
You die...

#. #.##.>##
#.##......##
...........#
#.........#
.........#
.###.....$.#
...........#
..⌠....@MS.#
.....#....##
.## ...S.##
..$.####
#.... .....#
#####


You could see Menkaure and 2 friendly ball pythons.

Vanquished Creatures
  2 bats (D:1)
  A goblin (D:1)
  2 hobgoblins (D:1)
  7 jackals (D:1)
  A giant cockroach (D:1)
  A giant newt (D:1)
  2 kobolds (D:1)
  2 rats (D:1)
18 creatures vanquished.

Notes
Turn   | Place    | Note
--------------------------------------------------------------
     0 | D:1      | Medar the Naga Transmuter began the quest for the Orb.
     0 | D:1      | Reached XP level 1. HP: 18/18 MP: 3/3
    65 | D:1      | Reached XP level 2. HP: 9/25 MP: 3/5
   611 | D:1      | Learned a level 2 spell: Sticks to Snakes
   749 | D:1      | You fall through a shaft!
   769 | D:2      | You fall through a shaft for 2 floors!
   769 | D:4      | Noticed Menkaure
   776 | D:4      | Slain by Menkaure

Vault maps used:
D:1:      lemuel_arrival_funnel, minmay_misc_feat_hallway
D:2:      minmay_misc_feat_cross, st_stairs_6
D:4:      nicolae_overflow_crystal_walls, minmay_temple_entry_junction2,
          first_bread, kennysheep_generic_room_15, uniq_menkaure

Action                   || total
-------------------------++-------
Melee: Unarmed           ||    31
 Cast: Beastly Appendage ||     6
       Sticks to Snakes  ||     2
 Abil: Spit Poison       ||    12
       End Transformatio ||     1
  Use: Scroll            ||     3
       Potion            ||     2
